 Dungeon Crawl Stone Soup version 0.29.1-12-g30fa7ad0bf (webtiles) character file.

Game seed: 17451533490026501547

110 sneakypete the Chopper (level 4, 0/34 HPs)
             Began as a Demonspawn Gladiator on Jan 18, 2023.
             Was a Follower of Wu Jian.
             Slain by an orc wizard
             ... wielding a +0 dagger
              (4 damage)
             ... on level 3 of the Dungeon.
             The game lasted 00:13:35 (2726 turns).

sneakypete the Chopper (Demonspawn Gladiator)       Turns: 2726, Time: 00:13:35

Health: 0/34       AC:  6    Str: 14    XL:     4   Next: 61%
Magic:  4/4        EV: 12    Int: 11    God:    Wu Jian [*.....]
Gold:   115        SH:  0    Dex: 17    Spells: 3/3 levels left

rFire   . . .      SeeInvis .   a - +0 war axe
rCold   . . .      Faith    .   (no shield)
rNeg    + . .      Spirit   .   q - +0 ring mail
rPois   .          Reflect  .   c - +0 helmet
rElec   .          Harm     .   (no cloak)
rCorr   .          Rampage  .   (no gloves)
Will    .....                   (no boots)
Stlth   +.........              (no amulet)
HPRegen 0.11/turn               r - ring of positive energy
MPRegen 0.18/turn               (no ring)

@: no status effects
A: claws 1, magic regeneration, big brain 1
a: Renounce Religion


You were on level 3 of the Dungeon.
You worshipped Wu Jian.
Wu Jian was aware of your devotion.
You visited 1 branch of the dungeon, and saw 3 of its levels.

You collected 115 gold pieces.

Inventory:

Hand Weapons
 a - a +0 war axe (weapon)
 k - a +1 short sword of freezing
Missiles
 d - 3 throwing nets (quivered)
 e - a javelin
Armour
 b - a +0 leather armour
 c - a +0 helmet (worn)
 q - a +0 ring mail (worn)
Jewellery
 r - a ring of positive energy (left claw)
Scrolls
 f - a scroll of poison {unknown}
 g - 2 scrolls of enchant weapon {unknown}
 i - 2 scrolls of identify {unknown}
 j - a scroll of magic mapping {unknown}
 l - a scroll of torment {unknown}
 m - a scroll of teleportation {unknown}
 o - 2 scrolls of butterflies {unknown}
 p - a scroll of fear {unknown}
Potions
 h - a potion of curing {unknown}
 n - a potion of haste {unknown}


   Skills:
 + Level 2.3 Fighting
 + Level 4.1 Axes
 + Level 2.0 Throwing
 + Level 1.2 Armour
 + Level 3.1 Dodging


You had 3 spell levels left.
You didn't know any spells.
Your spell library contained the following spells:

 Spells                   Type           Power      Damage    Failure   Level
 Gell's Gravitas          Tloc           0%         N/A       91%         3
 Teleport Other           Tloc           0%         N/A       91%         3
 Dispersal                Tloc           0%         N/A       100%        6


Dungeon Overview and Level Annotations

Branches:
Dungeon (3/15)

Altars:
Wu Jian


Innate Abilities, Weirdness & Mutations

You have sharp fingernails.
You regenerate magic rapidly.
You have an unusually large brain. (Int +2)


Message History

You closely miss the kobold. You barely miss the orc.
The kobold hits you but does no damage. The orc hits you but does no damage.
You slash the kobold!
You kill the kobold!
The Council accepts your kill.
You closely miss the orc. The orc hits you with a +0 club.
You barely miss the orc. You barely miss something.
Something hits you but does no damage. The orc hits you but does no damage.
You slash the orc!
You kill the orc!
The Council accepts your kill.
You hit something.
Something hits you but does no damage. x2
Something hits you.
You see here a +0 war axe.
Something hits you but does no damage. Something hits you.
Something hits you but does no damage. Something completely misses you.
You start resting.
You hear some strange, mumbled words.
Something tries to affect you, but you resist.
You start resting.
Something hits you but does no damage.
You miss something. Something hits you but does no damage.
You miss something. Something hits you but does no damage.
You closely miss something.
You hear some strange, mumbled words.
A magic dart appears from out of thin air!
The magic dart hits you!
* * * LOW HITPOINT WARNING * * *
Something hits you but does no damage.
You slash something! Your claw misses something.
Something hits you but does no damage.
You miss something.
An orc wizard appears from thin air!
Reactivating autopickup.
The orc wizard hits you with a +0 dagger.
* * * LOW HITPOINT WARNING * * *
You barely miss the orc wizard.
The orc wizard is severely wounded.
The orc wizard hits you with a +0 dagger.
You die...

#.# ##.#....... .#
#.###.#....###+####
#.##.##.#.......).....
#.#.#.#..............
#.#.#..............#
..#.#...............#
.....#................#
#......#....)...........#
.#.... #@o.8............#
#..... ##8..(8...##..####
.#.... #.................
#.K...#.................
....#.#).......##.#....
......)........##......
....#.#))......###.....
#.....#..............###
#.....#........###...#


You could see an orc wizard.

Vanquished Creatures
  3 adders
  A worm (D:3)
  A dart slug (D:3)
  4 orcs (D:3)
  4 bats
  6 endoplasms
  6 giant cockroaches
  2 goblins
  9 hobgoblins
  4 jackals (D:2)
  6 quokkas
  7 ball pythons
  A frilled lizard (D:1)
  7 kobolds
  3 rats
64 creatures vanquished.

Notes
Turn   | Place    | Note
-------+----------+-------------------------------------------
     0 | D:1      | sneakypete the Demonspawn Gladiator began the quest for the
                  | Orb.
     0 | D:1      | Reached XP level 1. HP: 16/16 MP: 1/1
     6 | D:1      | Noticed a redback
     7 | D:1      | Noticed a rime drake
     7 | D:1      | Noticed a polar bear
   563 | D:1      | Gained mutation: You regenerate magic rapidly. [demonic
                  | ancestry]
   563 | D:1      | Reached XP level 2. HP: 22/22 MP: 2/2
  1047 | D:1      | Reached skill level 3 in Axes
  1282 | D:1      | Gained mutation: You have an unusually large brain. (Int
                  | +2) [demonic ancestry]
  1282 | D:1      | Reached XP level 3. HP: 26/27 MP: 3/3
  1659 | D:2      | Reached skill level 1 in Armour
  1821 | D:2      | Found a faded altar of an unknown god.
  1849 | D:2      | Prayed at the altar of an unknown god.
  1849 | D:2      | Became a worshipper of the Wu Jian Council
  1849 | D:2      | Reached * piety under Wu Jian
  1965 | D:2      | Gained mutation: You have sharp fingernails. [demonic
                  | ancestry]
  1965 | D:2      | Reached XP level 4. HP: 33/33 MP: 4/4
  2654 | D:3      | Reached skill level 4 in Axes
  2726 | D:3      | Slain by an orc wizard

Illustrated notes

Levels and vault maps discovered:
D:1:      onia_arrival_zoo_common, layout_basic
D:2:      layout_loops_ring, shapermc_ecumenical_altar_totnotflames
D:3:      wad_pebble_path, layout_basic, uniq_sigmund

Skill      XL: |  1  2  3  4 |
---------------+-------------+-----
Throwing       | 2 |  2.0
Dodging        | 3 |  3.1
Axes           | 3 4 |  4.1
Armour         | 1 |  1.2
Fighting       | |  2.3

Action                   |  1- 3 |  4- 6 || total
-------------------------+-------+-------++-------
Melee: War axe           |   140 |    69 ||   209
       Punch             |     1 |       ||     1
Invok: Whirlwind         |       |     7 ||     7
       Lunge             |       |     2 ||     2
Armor: Leather armour    |    51 |    12 ||    63
       Ring mail         |       |    33 ||    33
Dodge: Dodged            |   135 |    49 ||   184
